 Dungeon Crawl Stone Soup version 0.31.0-11-ge490571c62 (webtiles) character file.

Game seed: 12319046293870269522

581 browni3141 the Chopper (level 7, -2/61 HPs)
             Began as a Minotaur Fighter on Jan 29, 2024.
             Slain by a gnoll sergeant
             ... wielding a +0 spear
              (6 damage)
             ... on level 5 of the Dungeon.
             The game lasted 00:01:54 (3279 turns).

browni3141 the Chopper (Minotaur Fighter)           Turns: 3279, Time: 00:01:55

Health: -2/61      AC: 12    Str: 22 (23) XL:     7   Next: 13%
Magic:  6/6        EV:  6    Int:  2 (5)  God:
Gold:   262        SH:  4    Dex:  6 (9)  Spells: 6/6 levels left

rFire   + . .        a - +0 war axe
rCold   . . .        c - +0 buckler
rNeg    . . .        g - +0 plate armour
rPois   .            (helmet restricted)
rElec   .            (no cloak)
rCorr   .            (no gloves)
SInv    .            (no boots)
Will    .....        k - amulet of regeneration Stlth
                     i - ring of protection from fire
HPRegen 1.10/turn    (no ring)
MPRegen 0.10/turn

%: no passive effects
@: no status effects
A: horns 2, retaliatory headbutt
a: no special abilities


You were on level 5 of the Dungeon.
You visited 1 branch of the dungeon, and saw 5 of its levels.
You also visited: Sewer.

You collected 262 gold pieces.

Inventory:

Hand Weapons
 a - a +0 war axe (weapon)
Missiles
 m - a boomerang (quivered)
 x - a throwing net
Armour
 b - a +0 scale mail
 c - a +0 buckler (worn)
 g - a +0 plate armour (worn)
Jewellery
 i - a ring of protection from fire (left hand)
 k - an amulet of regeneration (around neck)
 C - an amulet of guardian spirit
Wands
 j - a wand of charming (10)
 n - a wand of quicksilver (3)
Scrolls
 l - a scroll of revelation {unknown}
 o - a scroll of vulnerability {unknown}
 p - a scroll of brand weapon {unknown}
 q - a scroll of enchant weapon {unknown}
 r - 2 scrolls of fog {unknown}
 t - 2 scrolls of identify {unknown}
 u - a scroll of teleportation {unknown}
 w - a scroll of blinking {unknown}
 y - a scroll of fear {unknown}
 A - a scroll of torment {unknown}
 B - a scroll of immolation {unknown}
Potions
 d - a potion of might
 e - a potion of degeneration
 f - a potion of lignification {unknown}
 h - a potion of enlightenment {unknown}
 s - 2 potions of curing {unknown}
 v - a potion of resistance {unknown}
 z - a potion of berserk rage {unknown}


   Skills:
 + Level 5.2 Fighting
 * Level 6.0 Axes
 + Level 1.4 Throwing
 + Level 5.2 Armour
 + Level 5.3 Shields
 + Level 1.2 Evocations


You had 6 spell levels left.
You didn't know any spells.
Your spell library contained the following spells:

 Spells                   Type           Power      Damage    Failure   Level
 Ensorcelled Hibernation  Hex/Ice        0%         N/A       100%        2
 Passwall                 Erth           0%         N/A       100%        3
 Swiftness                Air            0%         N/A       100%        3


Dungeon Overview and Level Annotations

Branches:
Dungeon (5/15)              Sewer (visited)
 Temple: D:4-7

Altars:
Elyvilon
Sif Muna
Zin

Shops:
D:2 (

Annotations:
D:4 2 runed translucent doors, oldriver's ghost, amateur DEFE


Innate Abilities, Weirdness & Mutations

You have a pair of horns on your head.
You reflexively headbutt those who attack you in melee.


Message History

You miss the adder. The adder bites you but does no damage.
An adder is nearby!
You hit the adder. Your headbutt misses the adder.
The adder is moderately wounded.
You block the adder's attack. The adder bites you but does no damage.
You barely miss the adder. Your headbutt misses the adder.
The adder is moderately wounded.
The adder bites you but does no damage. x2
An adder is nearby!
You closely miss the adder. You headbutt the adder!
You kill the adder!
Key pressed, stopping explore.
No target in view!
Found a stone staircase leading up.
No target in view!
C - an amulet of guardian spirit Key pressed, stopping explore.
No target in view!
There is a stone staircase leading up here.
Key pressed, stopping explore.
No target in view!
Key pressed, stopping explore.
No target in view!
A scorpion comes into view.
A scorpion is nearby!
A gnoll comes into view. It is wielding a +0 halberd.
You block the scorpion's attack.
There are monsters nearby!
You slash the scorpion! Your headbutt misses the scorpion.
The scorpion is heavily wounded.
The scorpion stings you but does no damage.
The scorpion stings you.
You closely miss the scorpion. Your headbutt misses the scorpion.
The scorpion is heavily wounded.
The scorpion stings you but does no damage.
There are monsters nearby!
You slash the scorpion!
The scorpion is almost dead.
The scorpion barely misses you. The scorpion stings you.
There are monsters nearby!
You barely miss the scorpion. You headbutt the scorpion.
You kill the scorpion!
The gnoll hits you but does no damage.
You have reached level 7!
A gnoll is nearby!
You barely miss the gnoll. Your headbutt misses the gnoll.
The gnoll hits you with a +0 halberd.
A gnoll sergeant and a gnoll come into view.
The gnoll sergeant shouts!
The gnoll shouts!
The gnoll closely misses you.
A gnoll comes into view. It is wielding a +0 club.
The gnoll shouts!
The gnoll hits you from afar with a +0 halberd.
There are monsters nearby!
The gnoll hits you but does no damage.
The gnoll hits you from afar with a +0 halberd.
The gnoll completely misses you.
The gnoll sergeant hits you with a +0 spear!
There are monsters nearby!
You hit the gnoll sergeant.
The gnoll sergeant is lightly wounded.
You barely miss the gnoll. The gnoll completely misses you.
The gnoll barely misses you.
The gnoll sergeant hits you with a +0 spear.
The gnoll hits you with a +0 halberd! The gnoll hits you but does no damage.
There are monsters nearby!
You slash the gnoll sergeant!
The gnoll sergeant is heavily wounded.
You barely miss the gnoll.
The gnoll sergeant hits you with a +0 spear!
The gnoll hits you from afar with a +0 halberd.
The gnoll barely misses you.
There are monsters nearby!
You hit the gnoll sergeant.
The gnoll sergeant is severely wounded.
You hit the gnoll. You slash the gnoll! The gnoll barely misses you.
The gnoll hits you but does no damage. x2
The gnoll sergeant barely misses you. You furiously retaliate!
You headbutt the gnoll sergeant!
There are monsters nearby!
You barely miss the gnoll.
The gnoll is severely wounded.
You hit the gnoll. You barely miss the gnoll sergeant.
The gnoll hits you from afar with a +0 halberd.
The gnoll hits you with a +0 halberd. The gnoll completely misses you.
The gnoll sergeant hits you with a +0 spear.
You completely miss the gnoll sergeant.
The gnoll sergeant is almost dead.
You hit the gnoll. x2
You kill the gnoll!
The gnoll hits you from afar with a +0 halberd.
The gnoll hits you with a +0 halberd.
The gnoll sergeant hits you with a +0 spear!
The gnoll hits you with a +0 halberd. The gnoll barely misses you.
Your Axes skill increases to level 6!
It was a potion of degeneration.
There was something very wrong with that liquid.
You feel weakened.
You feel dopey.
You feel clumsy.
The gnoll sergeant hits you with a +0 spear.
You die...

###.###.#.# [.........#
###.###.#.# ###.#.#.#.#
#....#..#.# ....###...##
#..## ##.<.##
#...###..#..##+#######+#
#....#.#.##...g.@g......
......##.##.....g)......
.........##.......(.....
.####.##.#####+#######+#
.# #.##.# .####.##.#
.........# ..........
......####


You could see a gnoll sergeant and 2 gnolls.

Vanquished Creatures
  Eustachio (D:4)
  2 scorpions
  2 bombardier beetles
  Jessica (D:2)
  Ijyb (D:3)
  Terence (D:2)
  Robin (D:3)
  4 gnolls
  4 adders
  2 ribbon worms
  6 dart slugs
  An orc (D:3)
  9 ball pythons
  5 endoplasms
  4 giant cockroaches
  21 goblins
  8 hobgoblins
  2 jackals (D:3)
  2 quokkas
  7 bats
  6 kobolds
  8 rats
98 creatures vanquished.

Notes
Turn   | Place    | Note
-------+----------+-------------------------------------------
     0 | D:1      | browni3141 the Minotaur Fighter began the quest for the
                  | Orb.
     0 | D:1      | Reached XP level 1. HP: 19/19 MP: 0/0
   159 | D:1      | Reached XP level 2. HP: 27/27 MP: 1/1
   395 | D:1      | Reached skill level 3 in Axes
   727 | D:1      | Reached XP level 3. HP: 33/33 MP: 2/2
   964 | D:2      | Found Bumuudono's Weapon Shop.
   975 | D:2      | Noticed Terence
   981 | D:2      | Killed Terence
  1019 | D:2      | Noticed Jessica
  1021 | D:2      | Killed Jessica
  1022 | D:2      | Reached skill level 4 in Axes
  1022 | D:2      | Reached XP level 4. HP: 40/40 MP: 3/3
  1274 | D:2      | Found a white marble altar of Elyvilon.
  1343 | D:2      | Found a faded altar of an unknown god.
  1539 | D:2      | Reached XP level 5. HP: 47/47 MP: 4/4
  1645 | D:3      | Noticed Ijyb
  1646 | D:3      | Noticed Robin
  1657 | D:3      | Killed Ijyb
  1662 | D:3      | Killed Robin
  1955 | D:3      | Reached skill level 5 in Axes
  2126 | D:3      | Reached XP level 6. HP: 39/55 MP: 5/5
  2243 | D:3      | Found a shimmering blue altar of Sif Muna.
  2243 | D:3      | Found a glowing silver altar of Zin.
  2398 | D:4      | Found a glowing drain.
  2418 | Sewer    | Entered a sewer
  2576 | D:4      | Reached skill level 5 in Shields
  2673 | D:4      | Noticed Eustachio
  2689 | D:4      | Killed Eustachio
  2690 | D:4      | Reached skill level 5 in Fighting
  2690 | D:4      | Reached skill level 1 in Throwing
  2690 | D:4      | Reached skill level 5 in Armour
  2714 | D:4      | Found a large runed translucent door.
  2714 | D:4      | Found a large runed translucent door.
  2719 | D:4      | Noticed oldriver's ghost (amateur DEFE)
  3084 | D:5      | Entered Level 5 of the Dungeon
  3138 | D:5      | Reached skill level 1 in Evocations
  3267 | D:5      | Reached XP level 7. HP: 59/61 MP: 6/6
  3278 | D:5      | HP: 3/61 [gnoll/+0 halberd[a gnoll sergeant] (4)]
  3279 | D:5      | Reached skill level 6 in Axes
  3279 | D:5      | Slain by a gnoll sergeant

Illustrated notes

Levels and vault maps discovered:
D:1:      onia_arrival_mini_maze, layout_basic, minmay_misc_feat_ornament
D:2:      layout_basic, basic_altar, shapermc_ecumenical_altar_ellora,
          serial_shops, shop, uniq_jessica, uniq_terence
D:3:      layout_basic, gammafunk_temple_overflow_elements, nicolae_goblin_pals
D:4:      cheibrodos_greedy_goblins, layout_basic, cheibrodos_sewer_entry_drain,
          ebering_ghost_disaster_area, uniq_eustachio
D:5:      kennysheep_six_static_rooms, layout_loops_ring,
          mainiacjoe_overflow_brackets, uniq_grinder

Skill      XL: |  1  2  3  4  5  6  7 |
---------------+----------------------+-----
Axes           | 3 4 5 6 |  6.0
Armour         | 4 5 |  5.2
Fighting       | 4 5 |  5.2
Shields        | 4 5 |  5.3
Throwing       | 1 |  1.4
Evocations     | 1 |  1.2

Action                     |  1- 3 |  4- 6 |  7- 9 || total
---------------------------+-------+-------+-------++-------
  Melee: War axe           |    62 |   155 |     6 ||   223
         Headbutt          |     4 |    21 |       ||    25
    Use: Potion            |       |       |     1 ||     1
 Armour: Scale mail        |    38 |       |       ||    38
         Plate armour      |     9 |   130 |    20 ||   159
  Dodge: Dodged            |    38 |    48 |     9 ||    95
  Block: Buckler           |    13 |    49 |       ||    62
